 Dungeon Crawl Stone Soup version 0.27-a0-1065-ge809cff456 (webtiles) character file.

Game seed: 12100901341566873528

3882 kae the Ruffian (level 10, -18/105 HPs)
             Began as a Red Draconian Transmuter on Apr 22, 2021.
             Was an Initiate of Gozag.
             Demolished by a wyvern (19 damage)
             ... on level 9 of the Dungeon.
             The game lasted 00:07:24 (11740 turns).

kae the Ruffian (Red Draconian Transmuter)         Turns: 11740, Time: 00:07:25

Health: -18/105    AC:  7    Str: 14    XL:     10   Next: 0%
Magic:  13/17      EV: 13    Int: 16    God:    Gozag
Gold:   1208       SH:  0    Dex: 11    Spells: 5/18 levels left

rFire    . . .     SeeInvis .     - Unarmed
rCold    . . .     Faith    .   (shield currently unavailable)
rNeg     . . .     Spirit   .   (armour unavailable)
rPois    +         Reflect  .   (helmet currently unavailable)
rElec    .         Harm     .   (cloak currently unavailable)
rCorr    .         Rampage  .   (gloves currently unavailable)
Will     .....                  (boots currently unavailable)
Stlth    +.........             (no amulet)
HPRegen  0.27/turn              y - +4 ring of evasion
MPRegen  0.15/turn              (no ring)

@: hydra-form
A: fast swimmer, devour, amphibious, boosted hp, (breathe fire), AC +7, very
large, unfitting armour, (fire resistance 1), (cold-blooded)
a: End Transformation, Renounce Religion, Potion Petition, Call Merchant, Bribe
Branch


You were on level 9 of the Dungeon.
You worshipped Gozag.
Gozag was most pleased with you.
You were a three-headed hydra.
You visited 1 branch of the dungeon, and saw 9 of its levels.

You collected 1306 gold pieces.
You spent 98 gold pieces at shops.

Inventory:

Missiles
 b - 3 curare-tipped darts
 u - 5 atropa-tipped darts
Armour
 l - a +2 hat (melded)
 o - a +1 pair of gloves (melded)
Jewellery
 n - a ring of ice
 y - a +4 ring of evasion (left foreclaw)
Wands
 k - a wand of polymorph (5)
 x - a wand of iceblast (7)
Scrolls
 a - 3 scrolls of amnesia
 c - 3 scrolls of fear
 e - 2 scrolls of teleportation
 j - a scroll of enchant weapon
 s - a scroll of brand weapon
 v - a scroll of enchant armour
Potions
 d - 2 potions of ambrosia
 f - a potion of mutation
 h - a potion of brilliance
 i - 2 potions of flight {unknown}
 m - a potion of haste {unknown}
 p - a potion of lignification
 q - a potion of might
 t - a potion of attraction
 w - a potion of magic {unknown}


   Skills:
 + Level 5.5 Fighting
 + Level 4.9 Dodging
 * Level 7.9 Unarmed Combat
 + Level 4.9 Spellcasting
 * Level 7.5 Transmutations
 - Level 3.0 Ice Magic
 - Level 3.0 Poison Magic


You had 5 spell levels left.
You knew the following spells:

 Your Spells              Type           Power      Damage    Failure   Level
a - Beastly Appendage     Tmut           56%        N/A       1%          1
b - Spider Form           Tmut/Pois      10%        N/A       5%          3
c - Ice Form              Ice/Tmut       20%        N/A       17%         4
d - Hydra Form            Tmut           14%        N/A       19%         5

Your spell library contained the following spells:

 Spells                   Type           Power      Damage    Failure   Level
 Wereblood                Tmut           28%        N/A       1%          2
 Animate Skeleton         Necr           6%         N/A       16%         1
 Magic Dart               Conj           12%        1d3       16%         1
 Pain                     Necr           12%        1d4       16%         1
 Searing Ray              Conj           6%         3d3       24%         2
 Dazzling Flash           Conj/Hex       6%         N/A       43%         3
 Vampiric Draining        Necr           1%         2d6       43%         3
 Irradiate                Conj/Tmut      8%         3d16      65%         5
 Animate Dead             Necr           1%         N/A       83%         4
 Fulminant Prism          Conj/Hex       1%         3d6       83%         4
 Iskenderun's Mystic Bla  Conj/Tloc      3%         2d3       83%         4
 Agony                    Necr           3%         N/A       99%         5
 Blade Hands              Tmut           14%        N/A       71%         6
 Statue Form              Tmut/Erth      10%        N/A       99%         6
 Dragon Form              Tmut           14%        N/A       99%         7


Dungeon Overview and Level Annotations

Branches:
Dungeon (9/15)             Temple (0/1) D:4
   Lair: D:8-11         Orc: D:9-12

Altars:
Gozag
Ru
Vehumet
Xom
Yredelemnul
The Shining One

Shops:
D:6 =   D:7 !

Annotations:
D:5 2 runed translucent doors
D:8 2 runed translucent doors, exclusions: orange crystal statue and statue


Innate Abilities, Weirdness & Mutations

You are a three-headed hydra.
You swim very quickly.
You can devour living enemies to heal.
You are amphibious.
Your maximum health is greatly increased.
Your armour is entirely melded.
You are incapable of wielding weapons or throwing items.
((You can breathe blasts of fire.))
((Your fiery red scales are hard. (AC +7)))
You cannot fit into any form of body armour.
((Your flesh is heat resistant. (rF+)))
((You are cold-blooded and may be slowed by cold attacks.))


Message History

You feel sick. The hornet stings you.
The kobold brigand hits you with a +0 dagger.
The hornet stings you.
You feel yourself slow down. The kobold hits you but does no damage.
You can move again.
Unknown command.
Unknown command.
Unknown command.
You nip at the hornet.
The hornet is severely wounded.
You nip at the kobold.
You devour the kobold!
You feel better.
You kill the kobold!
You nip at the kobold brigand but do no damage.
You feel yourself speed up.
You feel sick. The hornet stings you!
You feel yourself slow down. The hornet stings you! The wyvern bites you!
Unknown command.
You barely miss the hornet.
The hornet is severely wounded.
You nip at the kobold.
You devour the kobold!
You feel better.
You kill the kobold!
You bite the wyvern!
You nip at the kobold brigand.
You feel yourself speed up.
You feel sick. The hornet stings you!
* * * LOW HITPOINT WARNING * * *
The kobold brigand hits you with a +0 dagger.
* * * LOW HITPOINT WARNING * * *
The wyvern bites you!
* * * LOW HITPOINT WARNING * * *
The hornet closely misses you.
Unknown command.
Unknown command.
You feel better. The wyvern bites you!
* * * LOW HITPOINT WARNING * * *
The kobold barely misses you.
The kobold brigand hits you but does no damage.
The hornet stings you but does no damage.
The wyvern bites you!!
You die...
Your body crumbles into a pile of gold.

. .. $ ... #
....
####.#####... .
......l)..#....
......KD.......
......yK.......
##########....♣
...≈ ... .♣ ♣


You could see a hornet, a wyvern, a kobold brigand and a kobold.

Vanquished Creatures
  Erica (D:7)
  A wraith (D:5)
  2 steam dragons (D:6)
  A water moccasin (D:7)
  2 orc warriors
  2 necrophages
  2 ogres
  5 centaurs
  A phantom (D:4)
  Blork the orc (D:4)
  A kobold brigand (D:8)
  A gnoll sergeant (D:8)
  3 scorpions
  A water moccasin zombie (D:5)
  8 wights
  3 killer bees (D:7)
  A bullfrog zombie (D:6)
  4 howler monkeys
  A centaur zombie (D:6)
  4 hounds
  2 orc priests (D:7)
  2 jellies
  A centaur skeleton (D:6)
  2 iguanas (D:6)
  An orc wizard (D:8)
  A killer bee zombie (D:6)
  A hound skeleton (D:5)
  5 gnolls
  4 adders
  A shadow imp (D:8)
  2 white imps
  An ufetubus (D:7)
  3 worms
  4 dart slugs
  10 orcs
  8 ball pythons
  3 endoplasms
  A giant cockroach (D:1)
  6 hobgoblins
  6 jackals
  14 kobolds
  2 quokkas
  4 bats
  3 frilled lizards
  5 goblins
  7 rats
144 creatures vanquished.

Vanquished Creatures (others)
  5 dream sheep (D:4)
  33 plants
38 creatures vanquished.

Grand Total: 182 creatures vanquished

Notes
Turn   | Place    | Note
-------+----------+-------------------------------------------
     0 | D:1      | kae the Draconian Transmuter began the quest for the Orb.
     0 | D:1      | Reached XP level 1. HP: 16/16 MP: 3/3
   536 | D:1      | Reached XP level 2. HP: 23/23 MP: 5/5
   655 | D:1      | Found a faded altar of an unknown god.
  1005 | D:1      | Became a worshipper of Gozag Ym Sagoz the Greedy
  1573 | D:2      | Reached XP level 3. HP: 28/28 MP: 4/6
  1577 | D:2      | Learned a level 3 spell: Spider Form
  3471 | D:4      | Found a staircase to the Ecumenical Temple.
  3650 | D:4      | Reached XP level 4. HP: 24/35 MP: 5/7
  3758 | D:4      | Noticed a scorpion
  3828 | D:4      | Killed a scorpion
  3829 | D:4      | Reached skill level 1 in Poison Magic
  3950 | D:4      | Noticed Blork the orc
  3962 | D:4      | Killed Blork the orc
  3963 | D:4      | Reached XP level 5. HP: 7/41 MP: 4/8
  4335 | D:4      | Found a basalt altar of Yredelemnul.
  4395 | D:4      | Noticed a phantom
  4406 | D:4      | Killed a phantom
  4407 | D:4      | Reached XP level 6. HP: 45/48 MP: 6/9
  4641 | D:4      | Noticed a dream sheep
  4641 | D:4      | Noticed a dream sheep
  4641 | D:4      | Noticed a dream sheep
  4641 | D:4      | Noticed a dream sheep
  4641 | D:4      | Noticed a dream sheep
  4641 | D:4      | Found a shimmering altar of Xom.
  4646 | D:4      | Killed a dream sheep
  4646 | D:4      | Killed a dream sheep
  4646 | D:4      | Killed a dream sheep
  4646 | D:4      | Killed a dream sheep
  4646 | D:4      | Killed a dream sheep
  4753 | D:5      | Entered Level 5 of the Dungeon
  5131 | D:5      | Your scales start taking on a fiery red colour.
  5131 | D:5      | Reached XP level 7. HP: 14/56 MP: 3/11
  5131 | D:5      | Gained mutation: Your flesh is heat resistant. (rF+) [Red
                  | Draconian growth]
  5414 | D:5      | Reached skill level 5 in Unarmed Combat
  5634 | D:5      | Found a large runed translucent door.
  5635 | D:5      | Found a large runed translucent door.
  5636 | D:5      | Noticed a wraith
  5805 | D:5      | Found a large runed translucent door.
  5805 | D:5      | Found a large runed translucent door.
  6055 | D:5      | Learned a level 4 spell: Ice Form
  6097 | D:5      | HP: 1/63 [wraith (15)]
  6362 | D:5      | Killed a wraith
  6444 | D:5      | Reached skill level 5 in Transmutations
  6492 | D:5      | Reached XP level 8. HP: 33/63 MP: 13/13
  6742 | D:6      | Found a sacrificial altar of Ru.
  6742 | D:6      | Found a glowing golden altar of the Shining One.
  7037 | D:6      | Found Befruc's Jewellery Emporium.
  7268 | D:6      | Reached skill level 1 in Ice Magic
  8381 | D:6      | Found an opulent altar of Gozag.
  8730 | D:7      | Found Qyguokec's Distillery.
  8741 | D:7      | Reached XP level 9. HP: 72/72 MP: 11/15
  8778 | D:7      | Bought a potion of might for 56 gold pieces
  8778 | D:7      | Bought a potion of attraction for 42 gold pieces
  9541 | D:8      | Noticed Erica
  9654 | D:7      | Killed Erica
  9655 | D:7      | Reached skill level 5 in Fighting
  9850 | D:7      | Learned a level 5 spell: Hydra Form
  9860 | D:8      | HP: 1/96 [orc warrior/+0 trident (7)]
 10194 | D:7      | HP: 4/88 [poisoned by a killer bee]
 11239 | D:8      | Found a radiant altar of Vehumet.
 11263 | D:8      | Reached XP level 10. HP: 81/81 MP: 12/17
 11428 | D:8      | Found a runed translucent door.
 11433 | D:8      | Found the +10 tower shield of Ignorance {rN+ Int-4}
 11435 | D:8      | Noticed an orange crystal statue
 11452 | D:8      | Found a runed translucent door.
 11735 | D:9      | Paralysed by a hornet for 2 turns
 11739 | D:9      | HP: 3/105 [wyvern (13)]
 11740 | D:9      | HP: 1/105 [wyvern (10)]
 11740 | D:9      | Demolished by a wyvern

Illustrated notes

Levels and vault maps discovered:
D:1:      roderic_crop_circles_arrival_small, layout_loops_corners,
          ebering_ecumenical_altar_sacrificial
D:2:      layout_basic, chequers_serial_rivers_micro_b
D:3:      layout_loops_ring
D:4:      layout_loops_cross, kb_xom_exploding_sheep, marbit_many_paths,
          temple_green, kennysheep_flooded_box, uniq_blork_the_orc
D:5:      layout_rooms, minmay_hollow_rounded_squares
D:6:      layout_basic, lemuel_coloured_pillars_altar,
          gammafunk_temple_overflow_statue, serial_shops, shop,
          hangedman_abyss_or_decor_stabs
D:7:      layout_basic, serial_shops, nicolae_shop_statue_plus
D:8:      layout_gridville, vehumet_statue, chequers_serial_rivers_micro_b,
          chequers_guarded_unrand_ignorance, uniq_erica
D:9:      layout_rooms, minmay_lair_entry_grove, enter_bailey_7,
          serial_bayou_crossing, uniq_joseph

Skill      XL: |  1  2  3  4  5  6  7  8  9 |
---------------+----------------------------+-----
Dodging        | 2 3 4 |  4.9
Unarmed Combat | 4 5 6 7 |  7.9
Transmutations | 3 4 5 6 7 |  7.5
Poison Magic   | 1 2 3 |  3.0
Fighting       | 2 3 4 5 |  5.5
Spellcasting   | 3 4 |  4.9
Ice Magic      | 2 3 |  3.0

Action                   |  1- 3 |  4- 6 |  7- 9 | 10-12 || total
-------------------------+-------+-------+-------+-------++-------
Melee: Unarmed           |   281 |    54 |   259 |    10 ||   604
       Tailslap          |    29 |     1 |     4 |       ||    34
       Punch             |     6 |       |     1 |       ||     7
       Kick              |    17 |     2 |       |       ||    19
       Headbutt          |    15 |     1 |       |       ||    16
 Cast: Beastly Appendage |    35 |     3 |       |       ||    38
       Spider Form       |       |     9 |    18 |       ||    27
       Ice Form          |       |       |    18 |     1 ||    19
       Hydra Form        |       |       |     1 |     1 ||     2
 Abil: Breathe Fire      |       |       |     6 |       ||     6
  Use: Scroll            |     7 |     1 |     4 |     3 ||    15
       Potion            |       |     1 |     1 |     1 ||     3
 Stab: Distracted        |     2 |       |       |       ||     2
       Sleeping          |     1 |     1 |       |       ||     2
Armor: Skin              |    58 |    12 |    46 |     3 ||   119
Dodge: Dodged            |   149 |    65 |   200 |     9 ||   423

Table legend: (Time is in decaauts)
 A = Elapsed time spent in this place.
 B = Non-inter-level travel time spent in this place.
 C = Inter-level travel time spent in this place.
 D = Time resting spent in this place.
 E = Time spent auto-exploring this place.
 F = Levels seen in this place.
 G = Mean time per level.
                   A        B        C        D        E       F      G
               +--------+--------+--------+--------+--------+-----+--------+
         Total |  11718 |  11484 |    234 |    862 |   9201 |   9 | 1302.0 |
       Dungeon |  11718 |  11484 |    234 |    862 |   9201 |   9 | 1302.0 |
               +--------+--------+--------+--------+--------+-----+--------+

Top non-repeatable levels by time:
     D:7: 2135 daAuts
     D:6: 1873 daAuts
     D:5: 1685 daAuts
     D:4: 1643 daAuts
     D:1: 1385 daAuts
     D:2: 1036 daAuts
     D:8: 1023 daAuts
     D:3: 925 daAuts
     D:9: 10 daAuts
